 Dungeon Crawl Stone Soup version 0.30-a0-341-g682706514a (webtiles) character file.

Game seed: 1406308578677657328

2867 drewk1942 the Prestidigitator (level 9, -1/68 HPs)
             Began as a Gnoll Artificer on Nov 2, 2022.
             Was a Follower of Okawaru.
             Killed from afar by an electric eel (13 damage)
             ... with a bolt of electricity
             ... on level 11 of the Dungeon.
             The game lasted 00:20:44 (9365 turns).

drewk1942 the Prestidigitator (Gnoll Artificer)     Turns: 9365, Time: 00:20:45

Health: -1/68      AC:  6    Str: 17    XL:     9   Next: 75%
Magic:  16/16      EV: 13    Int: 15    God:    Okawaru [*.....]
Gold:   345        SH:  0    Dex: 12    Spells: 11/17 levels left

rFire   . . .      SeeInvis +    A - +7 hammer "Toijuoqy" {freeze, Drain rPois Str+5 SInv}
rCold   . . .      Faith    .    (no shield)
rNeg    + . .      Spirit   .    J - +0 steam dragon scales
rPois   +          Reflect  .    (no helmet)
rElec   .          Harm     .    (no cloak)
rCorr   .          Rampage  .    (no gloves)
Will    .....                    (no boots)
Stlth   +++.......               (no amulet)
HPRegen 0.31/turn                c - ring of positive energy
MPRegen 0.15/turn                k - ring of flight

@: flying
A: fangs 1, strong nose, distributed training
a: Renounce Religion, Heroism


You were on level 11 of the Dungeon.
You worshipped Okawaru.
Okawaru was aware of your devotion.
You visited 2 branches of the dungeon, and saw 10 of its levels.

You collected 345 gold pieces.

Inventory:

Hand Weapons
 r - a +0 short sword
 y - a +4 quarterstaff of chaos
 A - the +7 hammer "Toijuoqy" (weapon) {freeze, Drain rPois Str+5 SInv}
   (You found it on level 3 of the Dungeon)

   It freezes those it strikes, dealing additional cold damage.
   It can also slow down cold-blooded creatures.
   Str:       It affects your strength (+5).
   rPois:     It protects you from poison.
   SInv:      It lets you see invisible.
   Drain:     It drains your maximum health when unequipped.
 C - a +0 short sword
 D - a +2 mace of draining
 I - a +0 club
Missiles
 B - 33 stones
 G - 13 poisoned darts (quivered)
 H - 3 boomerangs
Armour
 b - a +0 leather armour
 g - a +1 robe of fire resistance
 w - a +0 scale mail
 E - a +0 pair of boots
 J - +0 steam dragon scales (worn)
Jewellery
 c - a ring of positive energy (left hand)
 k - a ring of flight (right hand)
Wands
 d - a wand of charming (13)
 x - a wand of digging (5)
Scrolls
 e - a scroll of summoning {unknown}
 l - 8 scrolls of identify
 m - a scroll of fear
 o - a scroll of teleportation
 p - a scroll of brand weapon {unknown}
 s - a scroll of enchant weapon
 u - a scroll of blinking {unknown}
Potions
 a - a potion of heal wounds {unknown}
 f - a potion of curing
 h - 3 potions of cancellation {unknown}
 i - a potion of flight {unknown}
 j - a potion of ambrosia {unknown}
 n - 3 potions of degeneration {unknown}
 q - 2 potions of haste {unknown}
 t - a potion of invisibility {unknown}
 v - 2 potions of mutation {unknown}
 z - a potion of attraction {unknown}
 F - a potion of brilliance {unknown}
 K - a potion of resistance


   Skills:
 + Level 5.4 Fighting
 + Level 4.7 Short Blades
 + Level 4.7 Long Blades
 + Level 4.7 Axes
 + Level 4.7 Maces & Flails
 + Level 4.7 Polearms
 + Level 4.7 Staves
 + Level 4.7 Ranged Weapons
 + Level 4.7 Throwing
 + Level 6.6 Armour
 + Level 5.4 Dodging
 + Level 5.3 Stealth
 + Level 4.7 Shields
 + Level 4.7 Unarmed Combat
 + Level 4.7 Spellcasting
 + Level 3.9 Conjurations
 + Level 3.9 Hexes
 + Level 3.9 Summonings
 + Level 3.9 Necromancy
 + Level 3.9 Translocations
 + Level 3.9 Transmutations
 + Level 3.9 Fire Magic
 + Level 3.9 Ice Magic
 + Level 3.9 Air Magic
 + Level 3.9 Earth Magic
 + Level 3.9 Poison Magic
 + Level 5.2 Invocations
 + Level 8.2 Evocations


You had 11 spell levels left.
You knew the following spells:

 Your Spells              Type           Power      Damage    Failure   Level
a - Cigotuvi's Dreadful   Necr/Pois/Air  30%        N/A       4%          2
b - Dispel Undead         Necr           15%        3d10      32%         4

Your spell library contained the following spells:

 Spells                   Type           Power      Damage    Failure   Level
 Death Channel            Necr           Unusable   N/A       N/A         6

Dungeon Overview and Level Annotations

Branches:
Dungeon (8/15)             Temple (1/1) D:6
   Lair: D:8-11

Altars:
Ashenzari
Cheibriados
Dithmenos
Elyvilon
Fedhas
Gozag
Hepliaklqana
Kikubaaqudgha
Nemelex Xobeh
Okawaru
Qazlal
Ru
Sif Muna
Trog
Uskayaw
Vehumet
Wu Jian
Xom
Yredelemnul
Zin
The Shining One

Shops:
D:5 =

Portals:
Abyss: D:6

Annotations:
D:4 2 runed translucent doors, eyols's ghost, novice GrFi
D:6 2 transporters, exclusion: statue, FizzleBangTC's ghost, novice MeEE


Innate Abilities, Weirdness & Mutations

You have very sharp teeth.
Your uncanny sense of smell can sniff out nearby items.
Your experience applies equally to all skills.


Message History

The bullfrog is heavily wounded.
The bullfrog completely misses you.
You hit the bullfrog. You freeze the bullfrog.
You kill the bullfrog!
Okawaru accepts your kill.
A sourceless malevolence fills the Dungeon...
You are sucked into a shaft and drop 3 floors!
The shaft crumbles and collapses.
Found four items.
An electric eel comes into view.
Found a potion of resistance and a scroll of identify.
The electric eel shoots out a bolt of lightning at you!
The bolt of electricity hits you!
Found a stone staircase leading down.
Found a scroll of noise.
Found 13 gold pieces.
A vampire comes into view.
A centaur comes into view.
You feel like a meek peon again.
You see here a potion of resistance.
K - a potion of resistance A troll, a howler monkey and a manticore come into view.
The electric eel shoots out a bolt of lightning at you!
The bolt of electricity hits you.
The electric eel shoots out a bolt of lightning at you!
The bolt of electricity hits you!
The troll shouts!
The electric eel shoots out a bolt of lightning at you!
The bolt of electricity hits you!
* * * LOW HITPOINT WARNING * * *
A centaur warrior comes into view.
Found a stone staircase leading up.
The centaur warrior shouts!
The centaur warrior wields a +0 longbow.
The centaur warrior shoots an arrow.
The arrow closely misses you.
The centaur warrior shoots an arrow.
The arrow hits you!
* * * LOW HITPOINT WARNING * * *
The electric eel shoots out a bolt of lightning at you!
The bolt of electricity hits you!
You die...

~≈~≈≈≈≈≈≈≈≈≈≈~≈≈
#.~~~≈≈~.≈≈≈≈≈≈≈≈
...~~~~.~~≈≈≈≈≈~.
#+#........≈~≈≈≈...
...........?~~S.......
.<......................
................!.......
.......@.?$..........V..
........................
........................
.................?......
..#.....................
........................
..c....T................
.....#............#...>.
...#............##...#


You could see a centaur warrior, a troll and an electric eel.

Vanquished Creatures
  A komodo dragon (D:8)
  Sigmund (D:3)
  A steam dragon (D:7)
  Eustachio (D:4)
  Menkaure (D:4)
  An orc warrior (D:7)
  2 black bears
  An ogre (D:6)
  A phantom (D:3)
  Blork the orc (D:5)
  2 bullfrogs
  A kobold brigand (D:6)
  2 necrophages
  A gnoll sergeant (D:7)
  5 scorpions
  3 wights (D:7)
  3 howler monkeys
  4 orc priests
  2 jellies
  Crazy Yiuf (D:3)
  5 iguanas
  2 orc wizards
  7 gnolls
  4 adders
  A white imp (D:7)
  3 worms
  3 dart slugs
  17 orcs
  9 ball pythons
  9 endoplasms
  3 giant cockroaches (D:2)
  7 goblins
  2 hobgoblins
  12 jackals
  14 kobolds
  4 quokkas
  5 bats
  4 frilled lizards
  5 rats
151 creatures vanquished.

Vanquished Creatures (collateral kills)
  A ball python (D:4)
1 creature vanquished.

Grand Total: 152 creatures vanquished

Notes
Turn   | Place    | Note
-------+----------+-------------------------------------------
     0 | D:1      | drewk1942 the Gnoll Artificer began the quest for the Orb.
     0 | D:1      | Reached XP level 1. HP: 17/17 MP: 1/1
   172 | D:1      | Reached XP level 2. HP: 23/23 MP: 2/2
   626 | D:1      | Reached XP level 3. HP: 22/28 MP: 3/3
  1151 | D:2      | Reached skill level 1 in Invocations
  1221 | D:2      | Reached skill level 1 in Short Blades
  1221 | D:2      | Reached skill level 1 in Long Blades
  1221 | D:2      | Reached skill level 1 in Axes
  1221 | D:2      | Reached skill level 1 in Maces & Flails
  1221 | D:2      | Reached skill level 1 in Polearms
  1221 | D:2      | Reached skill level 1 in Staves
  1221 | D:2      | Reached skill level 1 in Ranged Weapons
  1221 | D:2      | Reached skill level 1 in Throwing
  1221 | D:2      | Reached skill level 1 in Shields
  1221 | D:2      | Reached skill level 1 in Unarmed Combat
  1221 | D:2      | Reached skill level 1 in Spellcasting
  1514 | D:2      | Reached XP level 4. HP: 22/34 MP: 5/5
  1951 | D:3      | Reached skill level 1 in Conjurations
  1951 | D:3      | Reached skill level 1 in Hexes
  1951 | D:3      | Reached skill level 1 in Summonings
  1951 | D:3      | Reached skill level 1 in Necromancy
  1951 | D:3      | Reached skill level 1 in Translocations
  1951 | D:3      | Reached skill level 1 in Transmutations
  1951 | D:3      | Reached skill level 1 in Fire Magic
  1951 | D:3      | Reached skill level 1 in Ice Magic
  1951 | D:3      | Reached skill level 1 in Air Magic
  1951 | D:3      | Reached skill level 1 in Earth Magic
  1951 | D:3      | Reached skill level 1 in Poison Magic
  2379 | D:3      | Found a runed translucent door.
  2380 | D:3      | Noticed Crazy Yiuf
  2417 | D:3      | Noticed Sigmund
  2425 | D:3      | Your ally Crazy Yiuf died
  2425 | D:3      | Killed Sigmund
  2426 | D:3      | Reached skill level 5 in Armour
  2426 | D:3      | Reached XP level 5. HP: 30/41 MP: 5/8
  2426 | D:3      | Reached XP level 6. HP: 34/47 MP: 5/9
  2464 | D:3      | Identified the +7 hammer "Toijuoqy" {freeze, Drain rPois
                  | Str+5 SInv}
  2513 | D:3      | Found a sparkling altar of Nemelex Xobeh.
  2648 | D:3      | Found a faded altar of an unknown god.
  3060 | D:4      | Noticed Eustachio
  3078 | D:4      | Killed Eustachio
  3210 | D:4      | Reached XP level 7. HP: 40/52 MP: 10/10
  3213 | D:4      | Reached skill level 7 in Evocations
  3864 | D:4      | Noticed Menkaure
  3890 | D:4      | Killed Menkaure
  3891 | D:4      | Reached XP level 8. HP: 10/60 MP: 12/12
  4123 | D:4      | Found a large runed translucent door.
  4123 | D:4      | Found a large runed translucent door.
  4135 | D:4      | Found an ornate altar of the Wu Jian Council.
  4181 | D:4      | Noticed eyols's ghost (novice GrFi)
  4470 | D:5      | Entered Level 5 of the Dungeon
  5361 | D:5      | Noticed Blork the orc
  5369 | D:5      | Killed Blork the orc
  5459 | D:5      | Found Ycvyneom's Jewellery Shoppe.
  5842 | D:6      | Found a transporter.
  5850 | D:6      | Found a one-way gate to the infinite horrors of the Abyss.
  5850 | D:6      | Noticed FizzleBangTC's ghost (novice MeEE)
  5851 | D:6      | Noticed a sixfirhy
  5913 | D:6      | Found a transporter.
  6107 | D:6      | Found a radiant altar of Vehumet.
  6427 | D:6      | Found a staircase to the Ecumenical Temple.
  6434 | Temple   | Entered the Ecumenical Temple
  6562 | Temple   | Became a worshipper of Warmaster Okawaru
  6929 | D:6      | Reached XP level 9. HP: 44/66 MP: 14/14
  7446 | D:6      | Learned a level 2 spell: Cigotuvi's Dreadful Rot
  7451 | D:6      | Learned a level 4 spell: Dispel Undead
  7510 | D:7      | Reached skill level 5 in Fighting
  7510 | D:7      | Reached skill level 5 in Dodging
  7582 | D:7      | Reached * piety under Okawaru
  7701 | D:7      | Found an opulent altar of Gozag.
  8215 | D:7      | Reached skill level 5 in Stealth
  8525 | D:6      | Reached skill level 8 in Evocations
  8866 | D:7      | Reached skill level 5 in Invocations
  9317 | D:8      | Noticed a komodo dragon
  9327 | D:8      | Killed a komodo dragon
  9331 | D:8      | You are sucked into a shaft and drop 3 floors!
  9352 | D:11     | Noticed a troll
  9352 | D:11     | Noticed a manticore
  9363 | D:11     | Noticed a centaur warrior
  9365 | D:11     | Killed from afar by an electric eel

Illustrated notes

Levels and vault maps discovered:
D:1:      dpeg_arrival_rhombi, layout_basic, serial_forest,
          infiniplex_forest_end_1, infiniplex_forest_lined_1,
          infiniplex_forest_zigzag_1, infiniplex_forest_lined_corner,
          infiniplex_forest_clump_medium, infiniplex_forest_lined_2,
          chequers_serial_rivers_large_b
D:2:      layout_loops_ring, nicolae_titane
D:3:      layout_basic, mainiacjoe_overflow_cross_hatched,
          chequers_ecumenical_altar_simple_redux, grunt_ministairs_14,
          uniq_crazy_yiuf_cottage, uniq_sigmund
D:4:      layout_cave_pools, kennysheep_mini, ebering_ghost_disaster_area,
          hangedman_decor_riveting, uniq_menkaure, uniq_eustachio
D:5:      layout_basic, serial_shops, shop, serial_co_window_serial,
          co_window_corner_a, co_window_of_opportunity_a,
          co_window_of_opportunity_a, co_window_of_opportunity_a,
          co_window_paths_a, co_window_2corner, co_window_corner_b,
          co_window_corner_b, co_window_corner_b, co_window_4corner_b,
          glass_columns_c, glass_columns_a, glass_columns_b, uniq_blork_the_orc
D:6:      layout_loops_corners, vehumet_statue, minmay_temple_entry_nine_rooms,
          gammafunk_ghost_abyssal_escape, due_unseen_surprise
D:7:      layout_basic, kennysheep_little_box
D:8:      layout_basic, hangedman_decor_peaks_small
D:11:     minmay_razor_zed, layout_basic
Temple:   minmay_temple_bridge_d

Skill      XL: |  1  2  3  4  5  6  7  8  9 |
---------------+----------------------------+-----
Invocations    | 1 2 3 4 5 |  5.2
Short Blades   | 1 2 3 4 |  4.7
Long Blades    | 1 2 3 4 |  4.7
Axes           | 1 2 3 4 |  4.7
Maces & Flails | 1 2 3 4 |  4.7
Polearms       | 1 2 3 4 |  4.7
Staves         | 1 2 3 4 |  4.7
Ranged Weapons | 1 2 3 4 |  4.7
Throwing       | 1 2 3 4 |  4.7
Shields        | 1 2 3 4 |  4.7
Unarmed Combat | 1 2 3 4 |  4.7
Spellcasting   | 1 2 3 4 |  4.7
Conjurations   | 1 2 3 |  3.9
Hexes          | 1 2 3 |  3.9
Summonings     | 1 2 3 |  3.9
Necromancy     | 1 2 3 |  3.9
Translocations | 1 2 3 |  3.9
Transmutations | 1 2 3 |  3.9
Fire Magic     | 1 2 3 |  3.9
Ice Magic      | 1 2 3 |  3.9
Air Magic      | 1 2 3 |  3.9
Earth Magic    | 1 2 3 |  3.9
Poison Magic   | 1 2 3 |  3.9
Fighting       | 3 4 5 |  5.4
Armour         | 5 6 |  6.6
Dodging        | 3 4 5 |  5.4
Stealth        | 3 4 5 |  5.3
Evocations     | 7 8 |  8.2

Action                   |  1- 3 |  4- 6 |  7- 9 || total
-------------------------+-------+-------+-------++-------
Melee: Club              |    37 |       |       ||    37
       Bite              |     8 |     9 |    29 ||    46
       Dagger            |    51 |    50 |       ||   101
       Punch             |     5 |       |     7 ||    12
       Mace              |       |    16 |   256 ||   272
Throw: Stone             |     9 |       |     3 ||    12
       Dart              |       |     4 |    31 ||    35
       Throwing net      |       |       |     1 ||     1
       Boomerang         |       |       |     2 ||     2
Invok: Heroism           |       |       |     2 ||     2
Evoke: Wand              |    17 |     5 |       ||    22
  Use: Scroll            |       |     3 |     7 ||    10
       Potion            |       |       |     4 ||     4
 Stab: Sleeping          |     2 |     2 |     1 ||     5
Armor: Leather armour    |    17 |    10 |    39 ||    66
       Steam dragon scal |       |       |     9 ||     9
Dodge: Dodged            |    52 |    47 |   201 ||   300

Table legend: (Time is in decaauts)
 A = Elapsed time spent in this place.
 B = Non-inter-level travel time spent in this place.
 C = Inter-level travel time spent in this place.
 D = Time resting spent in this place.
 E = Time spent auto-exploring this place.
 F = Levels seen in this place.
 G = Mean time per level.
                   A        B        C        D        E       F      G
               +--------+--------+--------+--------+--------+-----+--------+
         Total |   9459 |   8578 |    881 |    886 |   6084 |  10 |  945.9 |
       Dungeon |   9312 |   8449 |    863 |    886 |   5981 |   9 | 1034.7 |
        Temple |    146 |    128 |     18 |      0 |    103 |   1 |  146.0 |
               +--------+--------+--------+--------+--------+-----+--------+

Top non-repeatable levels by time:
     D:6: 1725 daAuts
     D:3: 1482 daAuts
     D:7: 1401 daAuts
     D:5: 1301 daAuts
     D:4: 1207 daAuts
     D:1: 1034 daAuts
     D:2: 1032 daAuts
  Temple: 146 daAuts
     D:8: 93 daAuts
    D:11: 33 daAuts
